 Dungeon Crawl Stone Soup version 0.31.0-12-g77e489cdc1 (webtiles) character file.

Game seed: 14046639820008209391

68607 McKennaii the Devastator (level 14, -7/93 HPs)
             Began as a Demigod Conjurer on Feb 25, 2024.
             Mangled by a warg (9 damage)
             ... on level 1 of the Orcish Mines.
             The game lasted 00:50:26 (32598 turns).

McKennaii the Devastator (Demigod Conjurer)        Turns: 32598, Time: 00:50:27

Health: -7/93      AC: 17    Str:  8    XL:     14   Next: 46%
Magic:  19/47      EV: 11    Int: 36    God:
Gold:   1288       SH:  0    Dex: 12    Spells: 36/43 levels left

rFire   . . .        R - +8 whip "Snakebite" {venom, curare, rPois}
rCold   . . .        (no shield)
rNeg    . . .        I - +5 acid dragon scales
rPois   +            F - +0 helmet
rElec   .            a - +0 cloak
rCorr   +            S - +1 pair of gloves
SInv    .            (no boots)
Will    ++...        (no amulet)
Stlth   +            f - ring of willpower
HPRegen 0.35/turn    x - ring of magical power
MPRegen 0.30/turn

%: no passive effects
@: no status effects
A: high MP 1, forlorn, divine attributes
a: no special abilities


You were on level 1 of the Orcish Mines.
You visited 3 branches of the dungeon, and saw 21 of its levels.
You also visited: Ossuary.

You collected 1508 gold pieces.
You spent 220 gold pieces at shops.

Inventory:

Hand Weapons
 R - the +8 whip "Snakebite" (weapon) {venom, curare, rPois}
   (You found it on level 3 of the Lair of Beasts)

   rPois:     It protects you from poison
Armour
 a - a +0 cloak (worn)
 o - a +3 chain mail of fire resistance
 w - a +3 ring mail
 F - a +0 helmet (worn)
 I - +5 acid dragon scales (worn)
 S - a +1 pair of gloves (worn)
Magical Staves
 m - a staff of air
Jewellery
 d - a ring of wizardry
 f - a ring of willpower (left hand)
 r - a ring of poison resistance
 x - a ring of magical power (right hand)
 Q - a ring of ice
Wands
 n - a wand of charming (53)
 p - a wand of mindburst (11)
 y - a wand of flame (69)
 H - a wand of roots (3)
 K - a wand of light (8)
 O - a wand of polymorph (5)
Scrolls
 e - 2 scrolls of amnesia
 g - 7 scrolls of immolation
 h - 4 scrolls of blinking
 i - 8 scrolls of teleportation
 q - 3 scrolls of brand weapon
 B - a scroll of butterflies
 C - 3 scrolls of enchant weapon
 E - 2 scrolls of torment
 J - a scroll of fog {unknown}
 M - a scroll of silence
 N - a scroll of vulnerability
 P - a scroll of noise
Potions
 b - a potion of magic
 c - 5 potions of attraction
 j - 3 potions of haste
 k - 5 potions of degeneration {unknown}
 l - 3 potions of mutation
 s - 3 potions of invisibility {unknown}
 t - 2 potions of cancellation {unknown}
 u - 6 potions of curing
 v - 4 potions of brilliance
 z - 4 potions of heal wounds
 A - a potion of might {unknown}
 D - a potion of enlightenment {unknown}
 G - 2 potions of lignification {unknown}
Miscellaneous
 L - a lightning rod (1/4)


   Skills:
 + Level 7.0 Armour
 - Level 1.7 Dodging
 - Level 1.7 Stealth
 + Level 15.4 Spellcasting
 - Level 16.8 Conjurations


You had 36 spell levels left.
You knew the following spells:

 Your Spells              Type           Power      Damage    Failure   Level
a - Magic Dart            Conj           100%       1d8       0%          1
b - Searing Ray           Conj           100%       2d8       0%          2
c - Iskenderun's Mystic   Conj/Tloc      73%        2d15      1%          4

Your spell library contained the following spells:

 Spells                   Type           Power      Damage    Failure   Level
 Hailstorm                Conj/Ice       73%        3d13      1%          3
 Flame Wave               Conj/Fire      73%        2d16      1%          4
 Fulminant Prism          Conj/Alch      36%        3d18      1%          4
 Irradiate                Conj/Alch      36%        3d23      1%          5
 Freeze                   Ice            100%       1d10      2%          1
 Blink                    Tloc           54%        N/A       3%          2
 Call Imp                 Summ           54%        N/A       3%          2
 Ensorcelled Hibernation  Hex/Ice        54%        N/A       3%          2
 Scorch                   Fire           54%        2d7       3%          2
 Sublimation of Blood     Necr           27%        N/A       3%          2
 Frozen Ramparts          Ice            54%        1d9       6%          3
 Fugue of the Fallen      Necr           27%        N/A       6%          3
 Ozocubu's Armour         Ice            27%        N/A       6%          3
 Anguish                  Hex/Necr       13%        N/A       22%         4
 Manifold Assault         Tloc           27%        N/A       22%         4
 Petrify                  Alch/Erth      27%        N/A       22%         4
 Summon Forest            Summ/Tloc      13%        N/A       52%         5
 Eringya's Noxious Bog    Alch           13%        4d6       97%         6
 Summon Cactus Giant      Summ           13%        N/A       97%         6
 Summon Hydra             Summ           13%        N/A       100%        7


Dungeon Overview and Level Annotations

Branches:
Dungeon (14/15)            Temple (0/1) D:6            Lair (5/5) D:9
 Shoals (0/4) Lair:3       Spider (0/4) Lair:2        Slime (0/5) Lair:4
    Orc (2/2) D:11            Elf (0/3) Orc:2        Vaults (0/5) D:14
Ossuary (visited)

Shops:
D:6 =![(   D:11 *

Annotations:
D:14 3 runed translucent doors, Frances; Ijustatesigmund's ghost, journeyman GrEE


Innate Abilities, Weirdness & Mutations

You have an increased reservoir of magic. (+10% MP)
You shall have no god before yourself.
Your divine heritage dramatically boosts your attributes as you level up.


Message History

You hear a shout!
The kobold blastminer shoots a bolt.
The bolt hits you but does no damage.
Unknown command.
The kobold blastminer shoots a bolt.
The bolt hits you!
You climb upwards.
The warg howls!
The orc shouts!
You hear a shout! x2
An orc warrior comes into view. It is wielding a +0 war axe.
Found 23 gold pieces.
There is a stone staircase leading down here.
There are monsters nearby!
Unknown command.
The warg bites you!
* * * LOW HITPOINT WARNING * * *
Casting: Iskenderun's Mystic Blast (mildly dangerous; 1% risk of failure)
Confirm with . or Enter, or press ? or * to list all spells.
You erupt in a blast of force!
The mystic blast hits the warg!!
The warg is almost dead.
The warg is knocked back by the mystic blast.
Unknown command.
Unknown command.
Unknown command.
Casting: Iskenderun's Mystic Blast (mildly dangerous; 1% risk of failure)
Confirm with . or Enter, or press ? or * to list all spells.
Aiming: Searing Ray (safe; 0% risk of failure)
Press: ? - help, Shift-Dir - straight line, f - warg
Aim: a warg (almost dead, 79% to hit)
The searing ray hits the warg.
The warg is almost dead. (Press . to maintain the ray.)
The warg bites you!
* * * LOW HITPOINT WARNING * * *
An ogre comes into view. It is wielding a +0 giant club.
Casting: Searing Ray (safe; 0% risk of failure)
Confirm with . or Enter, or press ? or * to list all spells.
You erupt in a blast of force!
The mystic blast hits the warg but does no damage.
The warg is almost dead.
The ogre shouts!
You hear a shout!
The warg bites you!
You die...

##.... .......
..............
#.............
##............#
#..............
#..............
#....h#........
#....#@......#
#.............#.
#.......>.......
##....o.........
#..............
#....o........O.
##.....$...#....
##.............
##............


You could see a warg, an orc warrior, an ogre and an orc.

Vanquished Creatures
  Kirke (D:12)
  Snorg (Orc:2)
  5 hydras
  6 vault guards (D:14)
  2 boulder beetles
  3 catoblepae
  A two-headed ogre (D:9)
  A deep troll shaman (Lair:5)
  6 death yaks (Lair:5)
  A lindwurm (Lair:5)
  An orc knight (Orc:1)
  2 ugly things
  A deep elf pyromancer (D:13)
  A harpy (shapeshifter) (D:14)
  2 orc sorcerers
  3 cyclopes
  A manticore (D:14)
  Maurice (D:11)
  3 meliai (D:13)
  A merfolk siren (Lair:3)
  13 elephants
  A kobold blastminer (Orc:2)
  A molten gargoyle (Lair:4)
  7 black mambas
  A torpor snail (Lair:1)
  A gargoyle (D:13)
  10 cane toads
  3 rime drakes
  Jeremiah (D:7)
  9 komodo dragons
  Psyche (D:8)
  8 trolls
  A hornet (D:10)
  A polar bear (Lair:5)
  A wolf spider simulacrum (D:14)
  6 dream sheep (Lair:4)
  12 blink frogs
  8 slime creatures
  A shadow (D:10)
  6 wyverns
  6 wraiths
  66 yaks
  3 vampires
  A steam dragon (D:6)
  A warg (Orc:2)
  3 hogs (D:12)
  3 basilisks
  7 vampire mosquitoes
  2 acid dragons
  22 water moccasins
  13 orc warriors
  A sky beast (D:8)
  5 black bears
  2 laughing skulls (D:14)
  5 ogres
  2 centaurs
  22 wolves
  2 phantoms
  A kobold brigand (D:7)
  A weeping skull (D:2)
  A gnoll sergeant (D:13)
  2 scorpions
  14 bullfrogs
  10 wights
  12 killer bees
  2 howler monkeys (D:7)
  2 bombardier beetles
  2 centaur zombies (Ossuary)
  A human zombie (Ossuary)
  2 lava snakes (Lair:4)
  Crazy Yiuf (D:7)
  2 hounds
  6 jellies
  8 orc priests
  A sleepcap (D:6)
  3 iguanas
  Ijyb (D:3)
  16 orc wizards
  6 hound zombies (Ossuary)
  2 mummies (Ossuary)
  5 gnolls (D:13)
  10 adders
  A shadow imp (D:7)
  2 white imps
  2 ufetubi (D:6)
  4 adder zombies (Ossuary)
  5 dart slugs
  2 ribbon worms
  40 orcs
  11 ball pythons
  9 bats
  9 endoplasms
  4 giant cockroaches
  3 gnoll zombies (Ossuary)
  11 goblins
  9 hobgoblins
  7 jackals
  14 kobolds
  2 quokkas
  5 frilled lizards
  8 jackal zombies (Ossuary)
  8 kobold zombies (Ossuary)
  5 orc zombies (Ossuary)
  3 rats
  A spectral orc (D:3)
577 creatures vanquished.

Notes
Turn   | Place    | Note
-------+----------+-------------------------------------------
     0 | D:1      | McKennaii the Demigod Conjurer began the quest for the Orb.
     0 | D:1      | Reached XP level 1. HP: 14/14 MP: 5/5
   239 | D:1      | Reached XP level 2. HP: 20/20 MP: 1/7
   242 | D:1      | Learned a level 2 spell: Searing Ray
   406 | D:1      | Reached skill level 4 in Conjurations
   866 | D:1      | Reached XP level 3. HP: 26/26 MP: 7/9
  2414 | D:3      | Reached XP level 4. HP: 33/33 MP: 8/11
  2419 | D:3      | Learned a level 4 spell: Iskenderun's Mystic Blast
  2493 | D:3      | Noticed Ijyb
  2638 | D:3      | Killed Ijyb
  2798 | D:3      | Noticed an ogre
  2803 | D:3      | Killed an ogre
  2804 | D:3      | Reached skill level 5 in Conjurations
  2804 | D:3      | Reached XP level 5. HP: 38/38 MP: 4/13
  3526 | D:3      | Reached XP level 6. HP: 42/45 MP: 9/15
  4187 | D:4      | Found a sand-covered staircase.
  4204 | Ossuary  | Entered an ossuary
  4669 | Ossuary  | Reached skill level 6 in Conjurations
  4965 | Ossuary  | Reached XP level 7. HP: 49/50 MP: 9/17
  5187 | Ossuary  | Reached skill level 5 in Spellcasting
  6112 | D:5      | Entered Level 5 of the Dungeon
  6571 | D:5      | Reached skill level 7 in Conjurations
  7165 | D:6      | Found Jall's Distillery.
  7171 | D:6      | Bought a potion of curing for 33 gold pieces
  7171 | D:6      | Bought a potion of mutation for 88 gold pieces
  7171 | D:6      | Bought a potion of heal wounds for 55 gold pieces
  7171 | D:6      | Bought a potion of brilliance for 44 gold pieces
  7250 | D:6      | Reached XP level 8. HP: 56/57 MP: 20/20
  7548 | D:6      | Found Ymaff's Antique Armour Boutique.
  7564 | D:6      | Found Qumo's Jewellery Emporium.
  7757 | D:6      | Found Hoirch's Weapon Shop.
  7843 | D:6      | Found a staircase to the Ecumenical Temple.
  8072 | D:6      | Reached skill level 8 in Conjurations
  9177 | D:7      | Noticed Jeremiah
  9188 | D:7      | Killed Jeremiah
  9189 | D:7      | Reached skill level 9 in Conjurations
  9189 | D:7      | Reached XP level 9. HP: 62/62 MP: 24/24
  9770 | D:7      | Found a runed translucent door.
  9771 | D:7      | Noticed Crazy Yiuf
  9855 | D:7      | Killed Crazy Yiuf
 10340 | D:8      | Noticed Psyche
 10344 | D:8      | Killed Psyche
 10617 | D:8      | Reached skill level 10 in Conjurations
 11155 | D:8      | Reached XP level 10. HP: 57/69 MP: 23/27
 11730 | D:9      | Reached skill level 11 in Conjurations
 11937 | D:9      | Reached skill level 10 in Spellcasting
 11961 | D:9      | Noticed a two-headed ogre
 11972 | D:9      | Killed a two-headed ogre
 12384 | D:9      | Found a staircase to the Lair.
 12710 | D:10     | Entered Level 10 of the Dungeon
 13028 | D:10     | Noticed a manticore
 13028 | D:10     | Noticed a cyclops
 13028 | D:10     | Noticed a cyclops
 13028 | D:10     | Noticed a deep elf pyromancer
 13028 | D:10     | Noticed a deep elf pyromancer
 13029 | D:10     | Noticed a deep elf pyromancer
 13029 | D:10     | Noticed a cyclops
 13081 | D:10     | Reached skill level 12 in Conjurations
 13081 | D:10     | Reached XP level 11. HP: 46/74 MP: 7/30
 13150 | D:10     | Noticed a centaur warrior
 13203 | D:10     | Noticed a deep elf pyromancer
 14710 | Lair:1   | Entered Level 1 of the Lair of Beasts
 15322 | Lair:1   | Reached skill level 13 in Conjurations
 17003 | Lair:2   | Reached XP level 12. HP: 69/81 MP: 11/33
 17714 | Lair:2   | Reached skill level 14 in Conjurations
 17966 | Lair:2   | Found the +0 toga "Victory" {*Victory Clar}
 17984 | Lair:2   | Found a hole to the Spider Nest.
 18981 | Lair:3   | HP: 4/81 [poisoned by a black mamba]
 19239 | Lair:3   | Identified the +2 spear of Equivalence {venom, *Rage rN+
                  | Str+3 Dex+2 Stlth+}
 19510 | Lair:3   | Noticed a five-headed hydra
 19532 | Lair:3   | Killed a five-headed hydra
 19738 | Lair:3   | Found a staircase to the Shoals.
 19794 | Lair:3   | Noticed a boulder beetle
 19831 | Lair:3   | Noticed an eight-headed hydra
 19831 | Lair:3   | Noticed an eight-headed hydra
 19831 | Lair:3   | Noticed a catoblepas
 19852 | Lair:3   | Killed an eight-headed hydra
 19937 | Lair:3   | Killed an eight-headed hydra
 20159 | Lair:3   | Killed a catoblepas
 20349 | Lair:3   | Reached skill level 15 in Conjurations
 20698 | Lair:3   | Killed a boulder beetle
 21407 | Lair:3   | Found the +8 whip "Snakebite" {venom, curare, rPois}
 21570 | Lair:3   | Noticed a five-headed hydra
 21583 | Lair:3   | Killed a five-headed hydra
 21584 | Lair:3   | Reached XP level 13. HP: 68/86 MP: 16/35
 22371 | Lair:4   | Identified the +1 long sword of the Shrinking Gods {heavy,
                  | Dex+3}
 22949 | D:11     | Found a staircase to the Orcish Mines.
 22970 | D:11     | Noticed Maurice
 22980 | D:11     | Killed Maurice
 23320 | D:11     | Reached skill level 1 in Armour
 23524 | D:11     | Found Ovawic's General Store.
 24053 | D:12     | Noticed Kirke
 24060 | D:12     | Killed Kirke
 25076 | D:12     | Reached skill level 16 in Conjurations
 27099 | D:14     | Found a runed translucent gate.
 27099 | D:14     | Found a runed translucent gate.
 27099 | D:14     | Noticed a quicksilver ooze
 27099 | D:14     | Noticed an azure jelly
 27099 | D:14     | Noticed Ijustatesigmund's ghost (journeyman GrEE)
 27099 | D:14     | Noticed a quicksilver ooze
 27104 | D:14     | Found a runed translucent gate.
 27153 | D:14     | Found a gate to the Vaults.
 27556 | D:14     | Noticed Frances
 28613 | Lair:4   | Reached skill level 5 in Armour
 28613 | Lair:4   | Reached XP level 14. HP: 44/93 MP: 9/38
 29135 | Lair:4   | Found a staircase to the Slime Pits.
 29412 | Lair:5   | Entered Level 5 of the Lair of Beasts
 29774 | Lair:5   | Reached skill level 15 in Spellcasting
 31225 | Lair:5   | Identified the +9 flail of Dyemis {freeze, ^Fragile rC+
                  | rN+}
 31548 | Orc:1    | Entered Level 1 of the Orcish Mines
 31949 | Orc:2    | Entered Level 2 of the Orcish Mines
 32055 | Orc:2    | Noticed Snorg
 32078 | Orc:2    | Killed Snorg
 32245 | Orc:2    | Found a staircase to the Elven Halls.
 32548 | Orc:2    | Noticed an orc warlord
 32597 | Orc:1    | HP: 2/93 [warg (15)]
 32598 | Orc:1    | Mangled by a warg

Illustrated notes

Levels and vault maps discovered:
D:1:      lemuel_arrival_broad_hall, layout_rooms, serial_aquarium,
          aquarium_bridge_square [aquarium_subvault_bridge,
          aquarium_subvault_wall, aquarium_subvault_bridge,
          aquarium_subvault_wall], aquarium_bridge_square
          [aquarium_subvault_bridge, aquarium_subvault_bridge,
          aquarium_subvault_bridge, aquarium_subvault_wall], aquarium_window_1,
          aquarium_window_corridor_2, aquarium_window_2, aquarium_view_2a
D:2:      layout_loops_ring, minmay_misc_feat_encased
D:3:      kennysheep_the_goblin_king, layout_loops_cross,
          mainiacjoe_overflow_catwalk, mainiacjoe_overflow_divided_tiny,
          yredelemnul_forgotten_temple_becter
D:4:      layout_basic, gammafunk_temple_overflow_wave, enter_ossuary_1,
          minmay_fountain_box, kennysheep_donut
D:5:      layout_gridville, fedhas_altar_1
D:6:      layout_loops_ring, minmay_temple_entry_fiery, serial_shops, shop,
          shop, nicolae_shop_peninsula, shop
D:7:      layout_basic, gammafunk_temple_overflow_pools,
          uniq_crazy_yiuf_cottage, uniq_jeremiah
D:8:      layout_basic, trog_butcher_becter, lemuel_round_altar, uniq_psyche
D:9:      layout_gridville, nemelex_xobeh_ov_fountains_minmay,
          david_lair_generic
D:10:     layout_gridville, minivault_12
D:11:     layout_cave_pools, david_orc_3, serial_shops, shop,
          grunt_ministairs_3, uniq_maurice
D:12:     layout_roguey, small_statue_alley_a, hangedman_abyss_or_decor_stagger,
          uniq_kirke
D:13:     layout_roguey, kennysheep_decorative_pillar,
          nicolae_dithmenos_through_a_glass_darkly
D:14:     layout_long_grid, erik_vaults_2, gammafunk_ghost_ooze, serial_rivers,
          chequers_serial_rivers_micro_a, chequers_serial_rivers_micro_b,
          chequers_serial_rivers_micro_c, chequers_serial_rivers_micro_c,
          grunt_decor_resistance, nicolae_uskayaw_dance_hall, uniq_frances
Lair:1:   layout_cave_pods, basic_altar, beast_lair_carwin_4
Lair:2:   layout_regular_city, spider_nest_entry_web_field
Lair:3:   minmay_guarded_unrand_snakebite, layout_chaotic_city,
          minmay_shoals_entry_lonely_mermaid, minmay_shattered_shrine
Lair:4:   layout_gridlike, nicolae_slime_entry_field_trip, serial_bayou_pond_c,
          grunt_megastairs_2, lemuel_fruit_fields
Lair:5:   grunt_lair_end_beastmaster, layout_misc_corridors
Orc:1:    nicolae_orc_accident_1, layout_caves, lightli_orcish_oven
Orc:2:    st_orc_elflike, layout_diamond_mine, mines1_david, uniq_snorg

Skill      XL: |  1  2  3  4  5  6  7  8  9 10 11 12 13 14 |
---------------+-------------------------------------------+-----
Spellcasting   | 2 3 4 6 7 9 10 12 13 14 15 | 15.4
Conjurations   | 4 5 6 7 9 10 12 13 15 16 | 16.8
Armour         | 5 7 |  7.0
Dodging        | |  1.7
Stealth        | |  1.7

Action                     |  1- 3 |  4- 6 |  7- 9 | 10-12 | 13-15 || total
---------------------------+-------+-------+-------+-------+-------++-------
  Melee: Unarmed           |    12 |       |       |       |       ||    12
         Staff             |       |     1 |       |       |       ||     1
         Short sword       |       |    18 |     4 |     7 |       ||    29
         Punch             |       |     2 |       |       |       ||     2
         Whip              |       |       |       |       |    19 ||    19
   Cast: Magic Dart        |   111 |   125 |   174 |   214 |   179 ||   803
         Searing Ray       |     2 |    30 |    54 |   161 |   137 ||   384
         Iskenderun's Myst |       |       |    14 |   132 |   220 ||   366
  Evoke: Wand              |       |       |       |     5 |     3 ||     8
         Lightning rod     |       |       |       |     4 |    11 ||    15
    Use: Scroll            |       |       |     8 |     1 |    12 ||    21
   Stab: Petrified         |       |       |       |       |     6 ||     6
 Armour: Robe              |     9 |    37 |    22 |       |       ||    68
         Steam dragon scal |       |       |    40 |   222 |    20 ||   282
         Acid dragon scale |       |       |       |       |   257 ||   257
  Dodge: Dodged            |    23 |    45 |    33 |   162 |   114 ||   377
